 Dungeon Crawl Stone Soup version 0.30.0-10-gfe55d96785 (webtiles) character file.

Game seed: 16933885673181010800

21 Frutz the Grasshopper (level 2, -3/27 HPs)
             Began as a Naga Warper on May 15, 2023.
             Was a Follower of Cheibriados.
             Frozen to death by an endoplasm (5 damage)
             ... on level 1 of the Dungeon.
             The game lasted 00:05:08 (768 turns).

Frutz the Grasshopper (Naga Warper)                  Turns: 768, Time: 00:05:09

Health: -3/27      AC:  2    Str: 16    XL:     2   Next: 87%
Magic:  5/5        EV:  9    Int: 16    God:    Cheibriados [*.....]
Gold:   59         SH:  0    Dex: 13    Spells: 5/5 levels left

rFire   . . .        e - +2 hand axe (heavy)
rCold   . . .        (no shield)
rNeg    . . .        b - +0 leather armour
rPois   +            (no helmet)
rElec   .            h - scarf {+Inv}
rCorr   .            (no gloves)
SInv    +            (no barding)
Will    .....        (no amulet)
Stlth   +            (no ring)
HPRegen 0.24/turn    (no ring)
MPRegen 0.09/turn

%: no passive effects
@: very slow
A: AC +0, large, see invisible, deformed body, poison resistance, slowness 2,
spit poison 1, naga tail 1
a: Spit Poison, Renounce Religion, Evoke Invisibility, Bend Time


You were on level 1 of the Dungeon.
You worshipped Cheibriados.
Cheibriados was aware of your devotion.
You visited 1 branch of the dungeon, and saw 1 of its levels.

You collected 59 gold pieces.

Inventory:

Hand Weapons
 a - a +0 falchion
 e - a +2 heavy hand axe (weapon)
Missiles
 d - 7 boomerangs of dispersal (quivered)
Armour
 b - a +0 leather armour (worn)
 h - a scarf of invisibility (worn)
Scrolls
 c - a scroll of blinking
 f - a scroll of noise {unknown}
 g - 3 scrolls of teleportation {unknown}
 k - 3 scrolls of identify {unknown}
 l - a scroll of enchant weapon {unknown}
 m - a scroll of fog {unknown}
Potions
 i - a potion of attraction {unknown}
 j - a potion of berserk rage {unknown}


   Skills:
 + Level 2.4 Fighting
 + Level 2.4 Long Blades
 + Level 0.1 Axes
 + Level 0.8 Throwing
 + Level 0.8 Armour
 + Level 1.7 Dodging
 + Level 2.0 Spellcasting
 + Level 3.2 Translocations


You had 5 spell levels left.
You didn't know any spells.
Your spell library contained the following spells:

 Spells                   Type           Power      Damage    Failure   Level
 Blink                    Tloc           22%        N/A       11%         2
 Lesser Beckoning         Tloc           22%        N/A       11%         2
 Teleport Other           Tloc           11%        N/A       21%         3
 Vhi's Electric Charge    Tloc/Air       12%        N/A       36%         3
 Manifold Assault         Tloc           11%        N/A       56%         4


Dungeon Overview and Level Annotations

Branches:
Dungeon (1/15)

Altars:
Cheibriados


Innate Abilities, Weirdness & Mutations

Your serpentine skin is tough. (AC +0)
You have supernaturally acute eyesight. (SInv)
Armour fits poorly on your strangely shaped body.
Your system is resistant to poisons. (rPois)
You cover ground very slowly.
You can spit poison.
You have a snake-like lower body.


Message History

You closely miss the jackal. You hit the jackal. The jackal bites you.
The jackal closely misses you. The jackal barely misses you.
The jackal bites you but does no damage. x2
The jackal completely misses you.
You hit the jackal but do no damage. You closely miss the jackal.
You hit the jackal but do no damage. The jackal closely misses you.
The jackal barely misses you. The jackal closely misses you.
The jackal bites you.
The jackal bites you but does no damage.
The jackal bites you. x2
The jackal bites you but does no damage.
The jackal bites you.
You barely miss the jackal. Your punch misses the jackal. You hit the jackal.
You kill the jackal!
Cheibriados thoroughly appreciates the change of pace.
You slash the jackal!
You kill the jackal!
Cheibriados thoroughly appreciates the change of pace.
The jackal barely misses you.
The jackal bites you but does no damage.
The hobgoblin hits you but does no damage.
The rat bites you but does no damage. The jackal bites you.
You closely miss the jackal. You hit the rat.
You kill the rat!
Cheibriados appreciates the change of pace.
You closely miss the hobgoblin. The jackal bites you.
* * * LOW HITPOINT WARNING * * *
The hobgoblin barely misses you. The jackal barely misses you.
The endoplasm barely misses you. The hobgoblin hits you.
* * * LOW HITPOINT WARNING * * *
You closely miss the jackal. You hit the endoplasm but do no damage.
You hit the hobgoblin.
The jackal bites you but does no damage.
The endoplasm hits you but does no damage.
The hobgoblin barely misses you. The jackal bites you.
* * * LOW HITPOINT WARNING * * *
The endoplasm jiggles.
The endoplasm freezes you.
You are frozen.
You die...

###
####################.###
......h@..†............#
......Jg.####....###.#.#
.#.....#.# #.....# #.#.#
........(# ##....# #....
.....#.### ##.#.# ###.#
.#..... #.#.#####.#
...#.## #.#.......#
#..#. #+#########


You could see an endoplasm, a jackal and a hobgoblin.

Vanquished Creatures
  A dart slug (D:1)
  3 bats (D:1)
  2 endoplasms (D:1)
  A hobgoblin (D:1)
  3 jackals (D:1)
  A kobold (D:1)
  A quokka (D:1)
  2 ball pythons (D:1)
  3 frilled lizards (D:1)
  A rat (D:1)
18 creatures vanquished.

Notes
Turn   | Place    | Note
-------+----------+-------------------------------------------
     0 | D:1      | Frutz the Naga Warper began the quest for the Orb.
     0 | D:1      | Reached XP level 1. HP: 19/19 MP: 3/3
   297 | D:1      | Reached XP level 2. HP: 24/26 MP: 5/5
   494 | D:1      | Found a faded altar of an unknown god.
   501 | D:1      | Prayed at the altar of an unknown god.
   501 | D:1      | Became a worshipper of Cheibriados the Contemplative
   501 | D:1      | Reached * piety under Cheibriados
   768 | D:1      | Frozen to death by an endoplasm

Illustrated notes

Levels and vault maps discovered:
D:1:      kilobyte_arrival_exit_the_forest, layout_loops_corners,
          basic_ecumenical_altar

Action                     || total
---------------------------++-------
  Melee: Hand axe          ||    29
         Falchion          ||     9
 Armour: Leather armour    ||    25
  Dodge: Dodged            ||    48
